AoeStats
← 知耻而后勇喜笑颜开

Arabia

510050938Analyzed
1v1 RM · 2d ago on Sep 29, 2026· 24m 50s· 2 players
Game mode
Random Map
Map size
Tiny (2 player)
Population
200
Speed
Normal
Resources
Standard
Victory
Conquest
Starting age
Dark Age
Ending age
Imperial Age
RankedLock teamsTeams togetherTeam positionsShared explorationLock speedFull tech treeHidden civsTurbo modeCheats
Victory
Defeat
🇨🇳 Mongols · China
1435
+16
1443
-16
欧阳没有偏旁
6:11 Loom
8:29 Feudal Age
9:15 Double-Bit Axe
19:08 Castle Age
18:05 Bloodlines
18:52 Scale Barding Armor
22:19 Chain Barding Armor
知耻而后勇喜笑颜开
8:31 Feudal Age
8:58 Double-Bit Axe
9:40 Loom
10:10 Horse Collar
11:22 Forging
12:03 Wheelbarrow
11:13 Town Watch
11:29 Town Watch
12:20 Wheelbarrow
20:16 Castle Age
19:09 Scale Barding Armor
19:06 Gold Mining
19:49 Scale Mail Armor
20:34 Fletching
Connection lost

Rejoining the realm…

Still unreachable

The connection could not be restored.

Session expired

The server has moved on; the page needs a fresh start.